[ PARTIDA AOE2 · #472273081 ]
UnrankedDrávidas vs Georgians
Equipo del jugador · VICT
Equipo rival · DERR
[ ANÁLISIS DE REPETICIÓN · EXTRAÍDO DE LA PARTIDA GRABADA ]
Feudal
9:17
Castillos
22:52
Imperial
—
| APM promedio | 51.1 |
| APM pico | 84 |
| eAPM promedio | 17.2 |
| Aldeanos / militares | 47 / 22 |
Foco
⚔️ 33.0% · 🌾 67.0%
Archer ×12 · Militia ×4 · Skirmisher ×3 · Scout Cavalry ×2 · Battle Elephant ×1
Feudal
—
Castillos
—
Imperial
—
| APM promedio | 59.5 |
| APM pico | 147 |
| eAPM promedio | 28.7 |
| Aldeanos / militares | 22 / 3 |
Foco
⚔️ 49.6% · 🌾 50.4%
Scorpion ×2 · Battering Ram ×1
Mapa de la partida
Recursos iniciales + cada clic de construcción. Líneas = muros · curvas = relieve. ◆ oro · ⬟ piedra · ● bayas · ✦ reliquia · ◌ hueco del cierre
Inputs por minuto
— ToBe - - Alanlam9284
Build order — ToBe
130 acciones detectadas en el replay
| 0:00 | Crear | Villager (Male) |
| 0:01 | Crear | Villager (Male) |
| 0:02 | Construir | House |
| 0:03 | Construir | House |
| 0:10 | Crear | Villager (Male) |
| 0:10 | Crear | Villager (Male) |
| 0:11 | Crear | Villager (Male) |
| 1:23 | Crear | Villager (Male) |
| 1:50 | Construir | Lumber Camp |
| 1:51 | Crear | Villager (Male) |
| 1:51 | Crear | Villager (Male) |
| 2:27 | Crear | Villager (Male) |
| 2:27 | Crear | Villager (Male) |
| 2:51 | Crear | Villager (Male) |
| 2:51 | Crear | Villager (Male) |
| 3:08 | Crear | Villager (Male) |
| 3:28 | Construir | House |
| 3:45 | Crear | Villager (Male) |
| 3:45 | Crear | Villager (Male) |
| 3:58 | Construir | House |
| 4:22 | Crear | Villager (Male) |
| 4:22 | Crear | Villager (Male) |
| 4:38 | Investigar | Loom |
| 4:43 | Crear | Villager (Male) |
| 4:47 | Crear | Villager (Male) |
| 4:57 | Crear | Villager (Male) |
| 4:58 | Crear | Villager (Male) |
| 4:58 | Crear | Villager (Male) |
| 5:40 | Construir | Barracks |
| 5:52 | Crear | Villager (Male) |
| 5:56 | Crear | Villager (Male) |
| 7:04 | Construir | Mining Camp |
| 7:07 | Investigar | Feudal Age |
| 7:07 | Investigar | Feudal Age |
| 7:30 | Crear | Militia |
| 7:30 | Crear | Militia |
| 7:48 | Crear | Militia |
| 8:12 | Crear | Militia |
| 8:24 | Construir | Mill |
| 8:57 | Crear | Villager (Male) |
| 9:17 | Edad | Edad Feudal |
| 9:20 | Investigar | Man-at-Arms (upgrade) |
| 9:43 | Crear | Villager (Male) |
| 9:47 | Construir | House |
| 9:49 | Construir | Archery Range |
| 10:21 | Crear | Villager (Male) |
| 10:29 | Construir | Mill |
| 10:56 | Crear | Villager (Male) |
| 11:02 | Crear | Archer |
| 11:18 | Construir | Blacksmith |
| 11:21 | Crear | Villager (Male) |
| 11:33 | Crear | Archer |
| 11:46 | Crear | Villager (Male) |
| 11:58 | Construir | House |
| 12:05 | Crear | Archer |
| 12:05 | Crear | Archer |
| 12:05 | Crear | Archer |
| 12:05 | Crear | Archer |
| 12:13 | Crear | Villager (Male) |
| 12:31 | Construir | House |
| 12:39 | Crear | Villager (Male) |
| 12:51 | Construir | Farm |
| 12:53 | Construir | Farm |
| 12:55 | Crear | Villager (Male) |
| 12:57 | Construir | Farm |
| 13:20 | Construir | Farm |
| 13:22 | Crear | Villager (Male) |
| 13:23 | Investigar | Double-Bit Axe |
| 13:29 | Investigar | Fletching |
| 13:37 | Crear | Archer |
| 13:44 | Construir | Farm |
| 14:01 | Crear | Villager (Male) |
| 14:07 | Construir | Farm |
| 14:08 | Construir | Farm |
| 14:09 | Construir | Farm |
| 14:17 | Investigar | Double-Bit Axe |
| 14:21 | Crear | Archer |
| 14:36 | Crear | Villager (Male) |
| 14:42 | Crear | Villager (Male) |
| 15:12 | Crear | Villager (Male) |
| 15:33 | Crear | Archer |
| 15:34 | Crear | Villager (Male) |
| 16:21 | Construir | House |
| 16:33 | Construir | Watch Tower |
| 16:52 | Construir | House |
| 16:54 | Construir | House |
| 16:56 | Crear | Villager (Male) |
| 16:58 | Construir | Mining Camp |
| 17:02 | Construir | Watch Tower |
| 17:04 | Crear | Archer |
| 17:24 | Construir | House |
| 17:25 | Construir | House |
| 17:26 | Construir | House |
| 17:37 | Crear | Villager (Male) |
| 17:46 | Construir | Farm |
| 18:26 | Construir | Mining Camp |
| 18:31 | Construir | Palisade Wall |
| 18:48 | Crear | Skirmisher |
| 18:48 | Crear | Skirmisher |
| 18:48 | Crear | Skirmisher |
| 19:37 | Crear | Villager (Male) |
| 19:38 | Crear | Villager (Male) |
| 19:38 | Crear | Villager (Male) |
| 20:12 | Investigar | Castle Age |
| 20:30 | Construir | Stable |
| 20:32 | Investigar | Gold Mining |
| 20:33 | Investigar | Gold Mining |
| 20:33 | Investigar | Scale Barding Armor |
| 21:13 | Crear | Scout Cavalry |
| 21:13 | Crear | Scout Cavalry |
| 21:18 | Construir | Watch Tower |
| 21:30 | Construir | Farm |
| 21:31 | Construir | Farm |
| 21:44 | Crear | Archer |
| 21:44 | Crear | Archer |
| 22:40 | Construir | Farm |
| 22:41 | Construir | Farm |
| 22:50 | Investigar | Forging |
| 22:50 | Investigar | Forging |
| 22:52 | Edad | Edad de los Castillos |
| 22:54 | Crear | Battle Elephant |
| 22:59 | Investigar | Light Cavalry (upgrade) |
| 23:04 | Crear | Villager (Male) |
| 23:10 | Construir | Farm |
| 23:11 | Construir | Farm |
| 23:22 | Crear | Villager (Male) |
| 23:26 | Crear | Villager (Male) |
| 23:40 | Construir | Stable |
| 23:54 | Investigar | Chain Barding Armor |
| 23:54 | Investigar | Chain Barding Armor |
Build order — Alanlam9284
37 acciones detectadas en el replay
| 0:01 | Crear | Villager (Male) ×4 |
| 0:02 | Construir | House |
| 0:03 | Construir | House |
| 1:24 | Crear | Villager (Male) |
| 1:53 | Crear | Villager (Male) |
| 2:17 | Crear | Villager (Male) |
| 2:40 | Crear | Villager (Male) |
| 3:11 | Crear | Villager (Male) |
| 3:28 | Crear | Villager (Male) ×2 |
| 3:56 | Construir | House |
| 4:16 | Construir | Mill |
| 4:18 | Crear | Villager (Male) ×2 |
| 4:32 | Crear | Villager (Male) |
| 4:44 | Crear | Villager (Male) |
| 5:58 | Crear | Villager (Male) |
| 6:02 | Construir | House |
| 6:33 | Crear | Villager (Male) |
| 6:57 | Crear | Villager (Male) |
| 6:59 | Construir | Mule Cart |
| 7:30 | Investigar | Loom |
| 7:35 | Investigar | Feudal Age |
| 8:56 | Construir | House |
| 9:31 | Crear | Villager (Male) |
| 10:10 | Crear | Villager (Male) |
| 10:12 | Construir | Blacksmith |
| 10:16 | Construir | Market |
| 10:54 | Crear | Villager (Male) |
| 10:59 | Investigar | Double-Bit Axe |
| 11:16 | Crear | Villager (Male) |
| 12:12 | Investigar | Castle Age |
| 15:40 | Construir | Monastery |
| 16:55 | Construir | Monastery |
| 19:50 | Construir | Siege Workshop |
| 20:26 | Crear | Scorpion |
| 20:37 | Construir | Monastery |
| 22:07 | Crear | Battering Ram |
| 22:24 | Crear | Scorpion |
Cronología de la partida
| 5:40 | ToBe · first_building Barracks |
| 9:17 | ToBe · age_up feudal |
| 9:49 | ToBe · first_building Archery Range |
| 11:22 | Alanlam9284 · first_market_sell 500 stone |
| 12:01 | Alanlam9284 · first_market_buy 100 food |
| 15:40 | Alanlam9284 · first_building Monastery |
| 18:31 | ToBe · wall_segment Palisade Wall x6 |
| 19:50 | Alanlam9284 · first_building Siege Workshop |
| 20:30 | ToBe · first_building Stable |
| 22:52 | ToBe · age_up castle |
| 24:04 | Alanlam9284 · resign |
[ ANÁLISIS IA · 1 CRÉDITO ]
¿Qué pasó realmente en esta partida?
Wolo.gg analiza cada decisión: build order, eco, micro, errores típicos por bracket. Análisis personalizado por WhatsApp o Discord en 30 segundos.
Guía civ
Drávidas
Perfil
Jugador #24537812